AoeStats
← seu madruga

Pilgrims

509914246Analyzed
2v2 RM · 4d ago on Sep 28, 2026· 29m 12s· 4 players
Game mode
Random Map
Map size
Medium (4 player)
Population
200
Speed
Normal
Resources
Standard
Victory
Conquest
Starting age
Dark Age
Ending age
Imperial Age
RankedLock teamsTeams togetherTeam positionsShared explorationLock speedFull tech treeHidden civsTurbo modeCheats
Victory
Defeat
🇫🇷 Vikings · France
934
+13
🇵🇾 Aztecs · Paraguay
861
+16
🇨🇳 Huns · China
882
-15
🇬🇷 Mongols · Greece
860
-35
31545054
4:26 Loom
13:52 Feudal Age
20:19 Castle Age
18:43 Bloodlines
20:09 Forging
20:06 Scale Barding Armor
21:34 Husbandry
22:18 Iron Casting
27:45 Chain Barding Armor
thodorisloukakis
12:01 Loom
14:26 Feudal Age
15:07 Horse Collar
15:15 Double-Bit Axe
21:33 Gold Mining
25:05 Castle Age
27:04 Stone Mining
Ke Wa
3:47 Loom
13:18 Feudal Age
17:42 Castle Age
16:01 Gold Mining
16:32 Double-Bit Axe
17:18 Fishing Lines
21:32 Padded Archer Armor
21:32 Fletching
24:10 Pikeman
24:51 Squires
26:10 Ballistics
26:29 Bodkin Arrow
seu madruga
7:52 Loom
10:01 Feudal Age
10:36 Double-Bit Axe
12:20 Fishing Lines
18:32 Castle Age
19:25 Squires
19:22 Gillnets
19:19 Horse Collar
21:05 Stone Mining
Connection lost

Rejoining the realm…

Still unreachable

The connection could not be restored.

Session expired

The server has moved on; the page needs a fresh start.